 Dungeon Crawl Stone Soup version 0.28-a0-1616-g050a50673c (webtiles) character file.

Game seed: 10392414668877688197

52 grumblor the Insei (level 3, 0/24 HPs)
             Began as an Octopode Transmuter on Jan 22, 2022.
             Succumbed to a hobgoblin's poison
             ... on level 1 of the Dungeon.
             The game lasted 00:02:10 (1615 turns).

grumblor the Insei (Octopode Transmuter)            Turns: 1615, Time: 00:02:11

Health: 0/24       AC:  1    Str:  9    XL:     3   Next: 85%
Magic:  6/6        EV: 13    Int: 15    God:
Gold:   66         SH:  0    Dex: 14    Spells: 5/6 levels left

rFire   . . .      SeeInvis .     - Unarmed
rCold   . . .      Faith    .   (no shield)
rNeg    . . .      Spirit   .   (helmet restricted)
rPois   .          Reflect  .   (no amulet)
rElec   .          Harm     .   (no ring)
rCorr   .          Rampage  .   (no ring)
Will    .....                   (no ring)
Stlth   +++.......              (no ring)
HPRegen 0.08/turn               (no ring)
MPRegen 0.10/turn               (no ring)
                                (no ring)
                                (no ring)

@: lethally poisoned (0 -> -1)
A: almost no armour, amphibious, 8 rings, camouflage 1, gelatinous body 1,
(nimble swimmer 1), tentacles
a: no special abilities


You were on level 1 of the Dungeon.
You visited 1 branch of the dungeon, and saw 2 of its levels.

You collected 66 gold pieces.

Inventory:

Jewellery
 c - a ring of poison resistance


   Skills:
 * Level 1.9 Fighting
 * Level 2.4 Dodging
 * Level 1.8 Stealth
 + Level 3.5 Unarmed Combat
 + Level 2.0 Spellcasting
 + Level 2.1 Transmutations


You had 5 spell levels left.
You knew the following spells:

 Your Spells              Type           Power      Damage    Failure   Level
a - Beastly Appendage     Tmut           14%        N/A       10%         1

Your spell library contained the following spells:

 Spells                   Type           Power      Damage    Failure   Level
 Wereblood                Tmut           7%         N/A       14%         2
 Foxfire                  Conj/Fire      4%         2x1d4     22%         1
 Spider Form              Tmut/Pois      4%         N/A       41%         3
 Conjure Flame            Conj/Fire      1%         6-21      54%         3
 Inner Flame              Hex/Fire       1%         N/A       54%         3
 Ice Form                 Ice/Tmut       4%         N/A       82%         4
 Flame Wave               Conj/Fire      1%         2d4       91%         4


Dungeon Overview and Level Annotations

Branches:
Dungeon (2/15)

Altars:


Innate Abilities, Weirdness & Mutations

You cannot wear most types of armour.
You are amphibious.
You can wear up to eight rings at the same time.
Your skin changes colour to match your surroundings (Stealth+).
Your rubbery body absorbs attacks. (AC +1, EV +1)
((You are camouflaged when in or above water. (Stealth+)))
You have tentacles for arms and can constrict up to eight enemies at once.


Message History

A hobgoblin is nearby!
A hobgoblin is nearby!
The hobgoblin shouts!
The hobgoblin throws a poisoned dart.
The poisoned dart hits you!
You are poisoned.
You feel very sick.
You feel sick.
The hobgoblin throws a poisoned dart.
The poisoned dart hits you!
You are lethally poisoned!
You aren't carrying any potions.
Casting: Beastly Appendage (safe; 10% risk of failure)
Confirm with . or Enter, or press ? or * to list all spells.
Okay, then.
You feel very sick.
There is a stone staircase leading up here.
You feel sick.
You climb upwards.
* * * LOW HITPOINT WARNING * * *
You feel very sick.
There is a stone staircase leading down here.
You aren't carrying any potions.
You aren't carrying any scrolls.
Casting: Beastly Appendage (safe; 10% risk of failure)
Confirm with . or Enter, or press ? or * to list all spells.
Okay, then.
This spell is potentially lethal to cast!
Memorise Spider Form, consuming 3 spell levels and leaving 2?
Your memorisation is interrupted.
* * * LOW HITPOINT WARNING * * *
You feel sick.
Unknown command.
* * * LOW HITPOINT WARNING * * *
You feel sick.
* * * LOW HITPOINT WARNING * * *
You feel sick.
* * * LOW HITPOINT WARNING * * *
You feel sick.
* * * LOW HITPOINT WARNING * * *
You feel sick.
You die...

............#.#..#........#
.................#######'##
###########.##...# #......#
..........#.##...# #....†.#
.########.#.##...#
#....†.####### .#
#...#.#.##...#
###........... .#
#.#.#.#.###..#
♣♣♣♣♣♣♣♣♣♣###. .# #.#.#.#.#
#..##♣P..P♣...♣.... .#
#.#.#.#.#
#.@.............### .#
#.#.#.#.# #.##.♣♣♣P♣.PP♣♣##
.# #.#.#.#.###.##.♣ ♣♣♣♣♣♣♣
.# #.#.........##.# #.#
.####.###.#.######.# #.#
.#......#.#># #.# #.#
.##.#...#.#.# #.###.#
.##.#####.#.# #.....#
.##.......#.# #######


There were no monsters in sight!

Vanquished Creatures
  An adder (D:2)
  4 endoplasms
  2 giant cockroaches (D:2)
  5 goblins (D:1)
  6 hobgoblins
  2 jackals (D:1)
  2 quokkas
  A ball python (D:1)
  A bat (D:1)
  3 frilled lizards (D:1)
  8 kobolds
  4 rats
39 creatures vanquished.

Notes
Turn   | Place    | Note
-------+----------+-------------------------------------------
     0 | D:1      | grumblor the Octopode Transmuter began the quest for the
                  | Orb.
     0 | D:1      | Reached XP level 1. HP: 13/13 MP: 3/3
   432 | D:1      | Reached skill level 1 in Stealth
   432 | D:1      | Reached XP level 2. HP: 16/18 MP: 5/5
   918 | D:1      | Reached XP level 3. HP: 23/23 MP: 6/6
  1416 | D:2      | Found a faded altar of an unknown god.
  1614 | D:1      | HP: 1/24 [poisoned by a hobgoblin]
  1615 | D:1      | Succumbed to a hobgoblin's poison

Illustrated notes

Levels and vault maps discovered:
D:1:      minmay_arrival_semitransparent, layout_basic, serial_forest,
          infiniplex_forest_lined_ring, infiniplex_forest_straight_5,
          infiniplex_forest_clump_curved, infiniplex_forest_straight_3
D:2:      layout_loops_cross, basic_altar, ebering_ecumenical_altar_sacrificial,
          grunt_decor_one_mirror, minmay_octomino_c4, uniq_crazy_yiuf_cottage

Skill      XL: |  1 |
---------------+----+-----
Stealth        | 1 |  1.8
Fighting       | |  1.9
Dodging        | |  2.4
Unarmed Combat | |  3.5
Spellcasting   | |  2.0
Transmutations | |  2.1

Action                   || total
-------------------------++-------
Melee: Unarmed           ||    78
       Tentacles         ||    20
       Constrict         ||    24
       Kick              ||     1
       Punch             ||     1
 Cast: Beastly Appendage ||     2
  Use: Scroll            ||     3
 Stab: Sleeping          ||     8
Armor: Skin              ||     7
Dodge: Dodged            ||    36

Table legend: (Time is in decaauts)
 A = Elapsed time spent in this place.
 B = Non-inter-level travel time spent in this place.
 C = Inter-level travel time spent in this place.
 D = Time resting spent in this place.
 E = Time spent auto-exploring this place.
 F = Levels seen in this place.
 G = Mean time per level.
                   A        B        C        D        E       F      G
               +--------+--------+--------+--------+--------+-----+--------+
         Total |   1611 |   1595 |     16 |    351 |    999 |   2 |  805.5 |
       Dungeon |   1611 |   1595 |     16 |    351 |    999 |   2 |  805.5 |
               +--------+--------+--------+--------+--------+-----+--------+

Top non-repeatable levels by time:
     D:1: 1397 daAuts
     D:2: 213 daAuts
